 Dungeon Crawl Stone Soup version 0.28-a0-883-gc8d7bad45d (webtiles) character file.

Game seed: 15137360447315868640

176 Crownlay the Digger (level 5, -1/28 HPs)
             Began as a Gargoyle Earth Elementalist on Nov 21, 2021.
             Slain by an orc (6 damage)
             ... on level 4 of the Dungeon.
             The game lasted 00:06:28 (4019 turns).

Crownlay the Digger (Gargoyle Earth Elementalist)   Turns: 4019, Time: 00:06:28

Health: -1/28      AC:  6    Str: 12    XL:     5   Next: 56%
Magic:  4/11       EV: 11    Int: 16    God:
Gold:   152        SH:  0    Dex: 10    Spells: 8/12 levels left

rFire   . . .      SeeInvis .   g - +0 dagger (elec)
rCold   . . .      Faith    .   (no shield)
rNeg    + . .      Spirit   .   b - +0 robe
rPois   ∞          Reflect  .   (no helmet)
rElec   +          Harm     .   (no cloak)
rCorr   .          Rampage  .   (no gloves)
Will    .....                   (no boots)
Stlth   ++........              (no amulet)
HPRegen 0.09/turn               (no ring)
MPRegen 0.12/turn               (no ring)

@: no status effects
A: sickness immunity, AC +4, negative energy resistance 1, electricity
resistance, torment resistance 1, petrification resistance
a: no special abilities


You were on level 4 of the Dungeon.
You visited 1 branch of the dungeon, and saw 4 of its levels.

You collected 162 gold pieces.
You spent 10 gold pieces at shops.

Inventory:

Hand Weapons
 g - a +0 dagger of electrocution (weapon)
Missiles
 c - 165 stones
Armour
 b - a +0 robe (worn)
Jewellery
 k - an amulet of reflection
Scrolls
 d - 2 scrolls of teleportation {unknown}
 f - 3 scrolls of identify {unknown}
 h - a scroll of fear {unknown}
 j - 2 scrolls of summoning {unknown}
 l - 2 scrolls of magic mapping {unknown}
 p - a scroll of immolation {unknown}
Potions
 a - 2 potions of cancellation {unknown}
 e - a potion of degeneration
 i - a potion of might {unknown}
 m - a potion of ambrosia {unknown}
 n - a potion of curing {unknown}
 o - a potion of lignification {unknown}
 q - a potion of magic {unknown}
 r - 2 potions of berserk rage {unknown}


   Skills:
 - Level 1.5 Dodging
 - Level 2.1 Stealth
 * Level 4.3 Spellcasting
 - Level 0.7 Transmutations
 + Level 5.1 Earth Magic


You had 8 spell levels left.
You knew the following spells:

 Your Spells              Type           Power      Damage    Failure   Level
a - Sandblast             Erth           38%        2d10      1%          1
b - Stone Arrow           Conj/Erth      22%        3d8       17%         3

Your spell library contained the following spells:

 Spells                   Type           Power      Damage    Failure   Level
 Passwall                 Tmut/Erth      10%        N/A       8%          2
 Dazzling Flash           Conj/Hex       6%         N/A       43%         3
 Petrify                  Tmut/Erth      12%        N/A       43%         4
 Agony                    Necr           3%         N/A       99%         5
 Silence                  Hex/Air        1%         N/A       99%         5


Dungeon Overview and Level Annotations

Branches:
Dungeon (4/15)
 Temple: D:4-7

Altars:

Shops:
D:1 *

Annotations:
D:1 Terence
D:3 1 runed translucent door, vineage's ghost, amateur DsGl


Innate Abilities, Weirdness & Mutations

You are immune to sickness and miasma.
Your stone body is resilient. (AC +4)
You are immune to poison.
You resist negative energy. (rN+)
You are resistant to electric shocks. (rElec)
You are resistant to unholy torment.
You are immune to petrification.


Message History

There are monsters nearby!
You can't see any susceptible monsters within range! (Use Z to cast anyway.)
You can't see any susceptible monsters within range! (Use Z to cast anyway.) 2 gnolls and a kobold come into view.
The kobold shouts!
The gnoll moves out of view.
The blast of sand hits the orc wizard.
The orc wizard is moderately wounded.
The gnoll shouts! x2; The orc shouts!
An orc comes into view.
It is wielding a +1 short sword of speed.
The orc wizard casts a spell at you. The magic dart hits you!
The blast of sand hits the orc wizard!
The orc wizard is severely wounded.
The blast of sand hits the orc wizard.
You kill the orc wizard!
The gnoll shouts!
Your Earth Magic skill increases to level 5!
The blast of sand hits the orc!
You kill the orc!
The blast of sand hits the gnoll.
The gnoll is heavily wounded.
The blast of sand hits the gnoll.
The gnoll is severely wounded.
The gnoll hits you with a +0 flail. The gnoll barely misses you.
The blast of sand hits the gnoll!
You kill the gnoll!
The kobold hits you but does no damage. The orc barely misses you.
The gnoll hits you but does no damage.
The blast of sand hits the gnoll.
The gnoll is heavily wounded.
The kobold hits you but does no damage.
The orc hits you with a +1 short sword of speed.
The gnoll barely misses you.
The gnoll hits you from afar with a +0 spear.
The gnoll hits you with a +0 club.
* * * LOW HITPOINT WARNING * * *
You are too injured to fight recklessly!
The orc hits you with a +1 short sword of speed.
You die...

# #.# .........#. # #.#
.. .......... # #.# ..
.......... # #.# .
#......... # #.# #.
#......... # #.#
#.##......... ####.####
#..#.g)).....
........######..gog......
####.##.<...###.@#.....#.
#.######.####.####### #.#
#..#.....#### #.#
##..........# #.#
#..##..##.#... #.#
....###.## .# #. #.#
#.### #)# . .. #.# # ##
#.#


You could see 3 gnolls and an orc.

Vanquished Creatures
  An orc wizard (D:4)
  5 gnolls
  4 adders
  A worm (D:4)
  2 dart slugs (D:1)
  An orc (D:4)
  5 bats
  5 endoplasms
  3 giant cockroaches
  5 hobgoblins
  6 kobolds
  3 quokkas
  3 ball pythons
  5 frilled lizards
  6 goblins
  4 rats
59 creatures vanquished.

Notes
Turn   | Place    | Note
-------+----------+-------------------------------------------
     0 | D:1      | Crownlay the Gargoyle Earth Elementalist began the quest
                  | for the Orb.
     0 | D:1      | Reached XP level 1. HP: 10/10 MP: 3/3
   107 | D:1      | Found Larph's General Store.
   114 | D:1      | Bought a potion of degeneration for 10 gold pieces
   330 | D:1      | Reached skill level 4 in Earth Magic
   330 | D:1      | Reached XP level 2. HP: 15/15 MP: 0/5
   572 | D:1      | Reached XP level 3. HP: 13/19 MP: 7/7
  2340 | D:3      | Reached XP level 4. HP: 24/24 MP: 7/9
  2347 | D:3      | Learned a level 3 spell: Stone Arrow
  2677 | D:3      | Noticed Terence
  3092 | D:3      | Noticed vineage's ghost (amateur DsGl)
  3095 | D:3      | Found a runed translucent door.
  3796 | D:4      | Reached XP level 5. HP: 28/28 MP: 7/10
  4014 | D:4      | Reached skill level 5 in Earth Magic
  4019 | D:4      | Slain by an orc

Illustrated notes

Levels and vault maps discovered:
D:1:      scummos_arrival_hexagon, layout_basic, serial_shops, shop,
          lemuel_flame_loot_1
D:2:      layout_basic, serial_rivers, chequers_serial_rivers_room_a,
          chequers_serial_rivers_micro_d, chequers_serial_rivers_micro_e,
          chequers_serial_rivers_micro_e, chequers_serial_rivers_marsh
D:3:      layout_basic, hellmonk_ghost_happy_afterlife, uniq_terence
D:4:      layout_rooms, minmay_temple_entry_offerings

Skill      XL: |  1  2  3  4  5 |
---------------+----------------+-----
Earth Magic    | 4 5 |  5.1
Spellcasting   | 3 4 |  4.3
Dodging        | |  1.5
Stealth        | |  2.1
Transmutations | |  0.7

Action                   |  1- 3 |  4- 6 || total
-------------------------+-------+-------++-------
Melee: Unarmed           |     1 |       ||     1
       Dagger            |    50 |     2 ||    52
 Cast: Sandblast         |    27 |    45 ||    72
       Stone Arrow       |       |     1 ||     1
 Stab: Sleeping          |     2 |       ||     2
Armor: Robe              |    19 |     6 ||    25
Dodge: Dodged            |    22 |    19 ||    41

Table legend: (Time is in decaauts)
 A = Elapsed time spent in this place.
 B = Non-inter-level travel time spent in this place.
 C = Inter-level travel time spent in this place.
 D = Time resting spent in this place.
 E = Time spent auto-exploring this place.
 F = Levels seen in this place.
 G = Mean time per level.
                   A        B        C        D        E       F      G
               +--------+--------+--------+--------+--------+-----+--------+
         Total |   4024 |   3909 |    115 |      0 |   3290 |   4 | 1006.0 |
       Dungeon |   4024 |   3909 |    115 |      0 |   3290 |   4 | 1006.0 |
               +--------+--------+--------+--------+--------+-----+--------+

Top non-repeatable levels by time:
     D:2: 1343 daAuts
     D:1: 1277 daAuts
     D:3: 1056 daAuts
     D:4: 347 daAuts
